 Dungeon Crawl Stone Soup version 0.29.1-15-g9cfb28693d (webtiles) character file.

Game seed: 5255771224802088550

2189 firemarshallily the Trooper (level 9, 0/111 HPs)
             Began as a Demonspawn Gladiator on Apr 18, 2023.
             Slain by an orc warrior
             ... wielding a +0 spear
              (7 damage)
             ... in a bailey.
             The game lasted 00:17:59 (8290 turns).

firemarshallily the Trooper (Demonspawn Gladiator)  Turns: 8290, Time: 00:17:59

Health: 0/111      AC: 28    Str: 25    XL:     9   Next: 12%
Magic:  9/9        EV:  2    Int: 10    God:
Gold:   526        SH:  0    Dex: 14    Spells: 8/8 levels left

rFire   . . .      SeeInvis .   a - +0 war axe
rCold   . . .      Faith    .   (no shield)
rNeg    . . .      Spirit   .   (body armour currently unavailable)
rPois   +          Reflect  .   (helmet currently unavailable)
rElec   .          Harm     .   (cloak currently unavailable)
rCorr   .          Rampage  .   (gloves currently unavailable)
Will    .....      NoTele   +   (boots currently unavailable)
Stlth   +.........              (no amulet)
HPRegen 0.28/turn               F - +4 ring of protection
MPRegen 0.11/turn               k - +6 ring of strength

@: tree-form, hasted, invisible, very quick
A: stationary, stasis, torment immunity, boosted hp, (icy blue scales 1),
powered by pain 2, demonic magic 1, (weakness stinger 1)
a: no special abilities


You were in a bailey.
You were a tree.
You visited 1 branch of the dungeon, and saw 7 of its levels.
You also visited: Bailey.

You collected 610 gold pieces.
You spent 84 gold pieces at shops.

Inventory:

Hand Weapons
 a - a +0 war axe (weapon)
Missiles
 d - 3 throwing nets
 e - 4 javelins
 f - 68 stones
 l - 8 boomerangs
 s - 8 poisoned darts (quivered)
Armour
 b - a +0 chain mail of fire resistance
 c - a +0 helmet (melded)
 h - a +0 plate armour
 i - a +2 pair of boots (melded)
 n - a +0 pair of gloves (melded)
 y - the +2 ring mail "Umiulem" (melded) {rElec Str+3 Int+2}
   (You took it off a goblin on level 3 of the Dungeon)

   Str:       It affects your strength (+3).
   Int:       It affects your intelligence (+2).
   rElec:     It insulates you from electricity.
Jewellery
 k - a +6 ring of strength (right branch)
 t - a ring of positive energy
 v - a ring of see invisible
 F - a +4 ring of protection (left branch)
Wands
 g - a wand of charming (5)
 q - a wand of flame (16)
 A - a wand of polymorph (10)
Scrolls
 m - a scroll of enchant weapon
 w - a scroll of magic mapping
 x - a scroll of poison
 B - 3 scrolls of teleportation
 H - a scroll of vulnerability {unknown}
Potions
 j - a potion of flight
 p - 2 potions of invisibility
 r - a potion of cancellation
 u - a potion of magic
 z - a potion of attraction {unknown}
 D - a potion of brilliance
 I - a potion of resistance
 J - 2 potions of mutation {unknown}
 K - a potion of might {unknown}


   Skills:
 * Level 7.9 Fighting
 * Level 7.5 Axes
 - Level 1.7 Throwing
 + Level 4.7 Armour
 - Level 2.6 Dodging


You had 8 spell levels left.
You didn't know any spells.
Your spell library contained the following spells:

 Spells                   Type           Power      Damage    Failure   Level
 Magic Dart               Conj           0%         1d3       36%         1
 Searing Ray              Conj           0%         2d4       50%         2
 Confusing Touch          Hex            0%         N/A       75%         3
 Fulminant Prism          Conj/Hex       0%         3d6       98%         4
 Yara's Violent Unravell  Hex/Tmut       0%         3d3       100%        5
 Enfeeble                 Hex            0%         N/A       100%        7


Dungeon Overview and Level Annotations

Branches:
Dungeon (7/15)             Temple (0/1) D:7          Bailey (1/1)

Altars:
Ashenzari
Cheibriados
Gozag
Yredelemnul

Shops:
D:6 *


Innate Abilities, Weirdness & Mutations

You are a tree.
Your roots penetrate the ground, keeping you stationary.
You cannot be teleported.
You are immune to unholy pain and torment.
Your maximum health is greatly increased.
Your equipment is partially melded.
((You are partially covered in icy blue scales. (AC +2)))
You sometimes gain power by taking damage.
Spells you cast may paralyse adjacent enemies.
((You have a small tail.))


Message History

Unknown command.
You feel yourself speed up. The orc hits you but does no damage.
The orc warrior hits you from afar with a +0 spear.
* * * LOW HITPOINT WARNING * * *
The orc warrior hits you but does no damage.
The orc hits you but does no damage.
The orc warrior hits you with a +0 glaive.
* * * LOW HITPOINT WARNING * * *
You hit the orc warrior but do no damage.
The orc warrior is lightly wounded.
You hit the orc warrior. You slash the orc warrior!
The orc hits you but does no damage.
The orc warrior hits you but does no damage. x3
The orc hits you but does no damage. The orc warrior barely misses you.
You closely miss the orc warrior.
The orc warrior is lightly wounded.
You hit the orc warrior but do no damage.
You barely miss the orc warrior. The orc hits you but does no damage.
The orc warrior hits you but does no damage. x2
The orc warrior hits you with a +0 halberd!
* * * LOW HITPOINT WARNING * * *
The orc barely misses you.
The orc warrior hits you but does no damage.
You fade into invisibility!
Unknown command.
You completely miss the orc warrior.
The orc warrior is lightly wounded.
You slash the orc warrior! You barely miss the orc warrior.
The orc warrior hits you from afar with a +0 spear.
* * * LOW HITPOINT WARNING * * *
The orc warrior hits you with a +0 halberd.
* * * LOW HITPOINT WARNING * * *
The orc warrior hits you but does no damage.
Okay, then.
As you read the scroll labelled HAMOCUA CUOHO, it crumbles to dust.
It is a scroll of enchant armour.
Your +1 pair of boots glows green for a moment.
The orc hits you but does no damage.
The orc warrior hits you from afar with a +0 spear!
You die...

#######
##..∩..##
#.......#
#∩..o..∩#
#...o)..#
#..)o♣o)#
#..#.#o.#
#.##8##o#
#..#.#.)#
#......o#
#.......#
#.......#
##.....##
###'###


You could see 4 orc warriors and 2 orcs.

Vanquished Creatures
  A steam dragon (D:6)
  5 orc warriors
  An ice beast (D:5)
  A black bear (D:5)
  An ogre (D:6)
  A centaur (D:4)
  A kobold brigand (D:5)
  2 scorpions
  4 hounds
  4 orc priests
  2 gnoll boudas
  2 jellies
  Ijyb (D:3)
  2 iguanas
  3 orc wizards
  Terence (D:2)
  Robin (D:4)
  15 gnolls
  7 adders
  A shadow imp (D:6)
  A white imp (D:6)
  An ufetubus (D:6)
  2 worms
  The ghost of wextippler1 the Sneak, a weakling DsDe (D:5)
  A dart slug (D:2)
  32 orcs
  8 ball pythons
  4 bats
  7 endoplasms
  2 giant cockroaches
  16 goblins
  13 hobgoblins
  4 quokkas
  17 kobolds
  8 rats
173 creatures vanquished.

Vanquished Creatures (others)
  A steam dragon (D:6)
  5 fungi
  A plant (D:1)
7 creatures vanquished.

Grand Total: 180 creatures vanquished

Notes
Turn   | Place    | Note
-------+----------+-------------------------------------------
     0 | D:1      | firemarshallily the Demonspawn Gladiator began the quest
                  | for the Orb.
     0 | D:1      | Reached XP level 1. HP: 16/16 MP: 1/1
   134 | D:1      | Gained mutation: You sometimes gain a little power by
                  | taking damage. [demonic ancestry]
   134 | D:1      | Reached XP level 2. HP: 19/22 MP: 2/2
   444 | D:1      | Found a faded altar of an unknown god.
  1550 | D:2      | Reached XP level 3. HP: 23/28 MP: 3/3
  1639 | D:2      | Reached skill level 1 in Armour
  2501 | D:3      | Noticed Terence
  2948 | D:3      | Gained mutation: Spells you cast may paralyse adjacent
                  | enemies. [demonic ancestry]
  2948 | D:3      | Reached XP level 4. HP: 29/35 MP: 4/4
  3243 | D:3      | Noticed Ijyb
  3268 | D:3      | Killed Ijyb
  3269 | D:3      | Reached XP level 5. HP: 25/41 MP: 5/5
  3458 | D:3      | Identified the +8 spear of Charity {drain, rPois Int+2
                  | Dex+3}
  3633 | D:3      | Identified the +2 ring mail "Umiulem" {rElec Str+3 Int+2}
  4137 | D:4      | You fall into a shaft and drop 1 floor!
  4137 | D:5      | Entered Level 5 of the Dungeon
  4145 | D:5      | Found a broken altar of Ashenzari.
  4229 | D:5      | Gained mutation: You have a small tail. [demonic ancestry]
  4229 | D:5      | Reached XP level 6. HP: 47/48 MP: 6/6
  4629 | D:4      | Reached skill level 5 in Axes
  4736 | D:4      | Noticed Robin
  4742 | D:4      | Reached skill level 5 in Fighting
  4749 | D:4      | Gained mutation: You sometimes gain power by taking damage.
                  | [demonic ancestry]
  4749 | D:4      | Reached XP level 7. HP: 48/56 MP: 7/7
  4755 | D:4      | Killed Robin
  4890 | D:4      | Found a snail-covered altar of Cheibriados.
  4890 | D:4      | Found an opulent altar of Gozag.
  4890 | D:4      | Found a basalt altar of Yredelemnul.
  5549 | D:5      | Found a runed translucent gate.
  5549 | D:5      | Found a runed translucent gate.
  5549 | D:5      | Found a runed translucent gate.
  5551 | D:5      | Noticed wextippler1's ghost (weakling DsDe)
  5785 | D:5      | Killed wextippler1's ghost
  5936 | D:2      | Killed Terence
  5937 | D:2      | Gained mutation: You are partially covered in icy blue
                  | scales. (AC +2) [demonic ancestry]
  5937 | D:2      | Reached XP level 8. HP: 34/64 MP: 8/8
  6208 | D:6      | Found Salaheg's General Store.
  6217 | D:6      | Bought a potion of lignification for 42 gold pieces
  6217 | D:6      | Bought a scroll of teleportation for 42 gold pieces
  7715 | D:7      | Found a flagged portal.
  7724 | Bailey   | Entered a bailey
  8042 | Bailey   | Reached XP level 9. HP: 54/73 MP: 9/9
  8282 | Bailey   | HP: 5/111 [orc warrior/+0 glaive (1)]
  8290 | Bailey   | Slain by an orc warrior

Illustrated notes

Levels and vault maps discovered:
D:1:      kilobyte_arrival_exit_the_forest, layout_basic,
          shapermc_ecumenical_altar_gd
D:2:      layout_basic
D:3:      layout_loops_cross, hangedman_decor_push, uniq_terence, uniq_ijyb
D:4:      layout_basic, gammafunk_temple_overflow_claw, uniq_robin
D:5:      layout_cave_pools, mainiacjoe_overflow_alcove_4,
          gammafunk_ghost_nasty_kobolds
D:6:      kennysheep_steamy, layout_basic, serial_shops, shop, minmay_puff
D:7:      layout_basic, marbit_many_paths, lemuel_doored_altar,
          nicolae_ru_awakened_eye, minmay_temple_entry_wispy, enter_bailey_8
Bailey:   bailey_polearm_5, bailey

Skill      XL: |  1  2  3  4  5  6  7  8 |
---------------+-------------------------+-----
Axes           | 3 4 5 6 7 |  7.5
Armour         | 1 2 3 4 |  4.7
Fighting       | 3 4 5 6 7 |  7.9
Throwing       | |  1.7
Dodging        | |  2.6

Action                   |  1- 3 |  4- 6 |  7- 9 || total
-------------------------+-------+-------+-------++-------
Melee: War axe           |   116 |   137 |   225 ||   478
       Tailslap          |       |    11 |    40 ||    51
       Punch             |       |       |     5 ||     5
Throw: Stone             |       |       |     2 ||     2
Evoke: Wand              |       |     3 |       ||     3
  Use: Potion            |     4 |     2 |     7 ||    13
       Scroll            |     3 |     4 |     8 ||    15
 Stab: Sleeping          |     1 |       |       ||     1
Armor: Leather armour    |    28 |    19 |       ||    47
       Skin              |       |     1 |    28 ||    29
       Ring mail         |       |    74 |   138 ||   212
Dodge: Dodged            |    65 |   136 |   232 ||   433
